 Dungeon Crawl Stone Soup version 0.29.1-13-g9f3cf754e1 (webtiles) character file.

Game seed: 9035643005119111152

114 MacCMillion the Stinger (level 4, -2/36 HPs)
             Began as a Naga Venom Mage on Feb 11, 2023.
             Slain by a gnoll
             ... wielding a +0 spear
              (4 damage)
             ... on level 3 of the Dungeon.
             The game lasted 00:06:53 (3889 turns).

MacCMillion the Stinger (Naga Venom Mage)           Turns: 3889, Time: 00:06:53

Health: -2/36      AC: 11    Str: 13    XL:     4   Next: 97%
Magic:  1/7        EV:  9    Int: 17    God:
Gold:   105        SH:  0    Dex: 12    Spells: 1/7 levels left

rFire   . . .      SeeInvis +   j - +2 dagger (protect)
rCold   . . .      Faith    .   (no shield)
rNeg    . . .      Spirit   .   l - +1 leather armour of Amelioration {Will+ Str+3 Slay+3 Stlth-}
rPois   +          Reflect  .   i - +0 helmet
rElec   .          Harm     .   (no cloak)
rCorr   .          Rampage  .   (no gloves)
Will    +....                   (no barding)
Stlth   +.........              (no amulet)
HPRegen 0.12/turn               (no ring)
MPRegen 0.10/turn               (no ring)

@: under a protective aura, very slow
A: AC +1, large, see invisible, deformed body, poison resistance, slowness 2,
spit poison 1, naga tail 1
a: Spit Poison


You were on level 3 of the Dungeon.
You visited 1 branch of the dungeon, and saw 3 of its levels.

You collected 145 gold pieces.
You spent 40 gold pieces at shops.

Inventory:

Hand Weapons
 d - a +2 dagger of speed
 j - a +2 dagger of protection (weapon)
Armour
 a - a +0 robe
 f - a +0 buckler
 i - a +0 helmet (worn)
 l - the +1 leather armour of Amelioration (worn) {Will+ Str+3 Slay+3 Stlth-}
   (You found it on level 2 of the Dungeon)

   Str:       It affects your strength (+3).
   Slay:      It affects your accuracy & damage with ranged weapons and melee
   (+3).
   Will:      It increases your willpower.
   Stlth:     It makes you less stealthy.
Jewellery
 e - an amulet of the acrobat
Scrolls
 c - 2 scrolls of identify {unknown}
 o - a scroll of magic mapping {unknown}
 p - a scroll of enchant armour {unknown}
 r - a scroll of noise {unknown}
Potions
 b - a potion of magic
 h - 2 potions of might
 k - a potion of berserk rage {unknown}
 m - 2 potions of flight {unknown}
 q - a potion of degeneration {unknown}


   Skills:
 - Level 1.6 Dodging
 - Level 3.1 Stealth
 - Level 2.0 Spellcasting
 - Level 1.1 Transmutations
 + Level 2.5 Air Magic
 - Level 6.0 Poison Magic


You had one spell level left.
You knew the following spells:

 Your Spells              Type           Power      Damage    Failure   Level
a - Sting                 Tmut/Pois      52%        1d5       6%          1
b - Poisonous Vapours     Pois/Air       32%        N/A       6%          2
c - Mephitic Cloud        Conj/Pois/Air  11%        N/A       22%         3

Your spell library contained the following spells:

 Spells                   Type           Power      Damage    Failure   Level
 Olgreb's Toxic Radiance  Pois           22%        N/A       21%         4
 Static Discharge         Conj/Air       6%         3-4/arc   22%         2
 Lightning Bolt           Conj/Air       3%         1d14      99%         5
 Maxwell's Capacitive Co  Air            5%         ∞         100%        8


Dungeon Overview and Level Annotations

Branches:
Dungeon (3/15)

Altars:

Shops:
D:1 !

Annotations:
D:3 1 runed translucent door, Crazy Yiuf


Innate Abilities, Weirdness & Mutations

Your serpentine skin is tough. (AC +1)
You have supernaturally acute eyesight. (SInv)
Armour fits poorly on your strangely shaped body.
Your system is resistant to poisons. (rPois)
You cover ground very slowly.
You can spit poison.
You have a snake-like lower body.


Message History

The sting misses the gnoll.
The gnoll hits you but does no damage.
Unknown command.
The gnoll barely misses you.
Things that are here:
a +0 whip; a gnoll corpse
Aiming: Sting (safe; 6% risk of failure)
Press: ? - help, Q - select action, (/) - cycle Shift-Dir - straight line, f/p - gnoll
Aim: a gnoll, wielding a +0 spear (75% to hit)
The sting misses the gnoll.
The gnoll hits you with a +0 spear.
Unknown command.
You barely miss the gnoll. The gnoll hits you with a +0 spear.
Aiming: Sting (safe; 6% risk of failure)
Press: ? - help, Q - select action, (/) - cycle Shift-Dir - straight line, f/p - gnoll
Aim: a gnoll, wielding a +0 spear (75% to hit)
The sting hits the gnoll.
The gnoll is poisoned.
The gnoll is lightly wounded.
The gnoll closely misses you.
Unknown command.
Aiming: Sting (safe; 6% risk of failure)
Press: ? - help, Q - select action, (/) - cycle Shift-Dir - straight line, p - gnoll The sting hits the gnoll.
The gnoll looks even sicker.
The gnoll is heavily wounded.
The gnoll hits you with a +0 spear.
* * * LOW HITPOINT WARNING * * *
Unknown command.
You barely miss the gnoll.
The gnoll is heavily wounded.
The gnoll hits you with a +0 spear.
* * * LOW HITPOINT WARNING * * *
You hit the gnoll.
Your weapon exudes an aura of protection.
The gnoll is severely wounded.
The gnoll hits you with a +0 spear.
* * * LOW HITPOINT WARNING * * *
You hit the gnoll.
The gnoll is almost dead.
The gnoll hits you with a +0 spear.
You die...

.###########.###..# #............
...............#..###..####..####
....###.##.###.#.................
....##.#.#.# #......#######..####
....#.###..###...........>...#
.......#.#.....############.##
.........))##### #.#
....##..g..################.#
....##.........g@...........#
######.....##################
#.....# #######


You could see a gnoll (very poisoned).

Vanquished Creatures
  An orc wizard (D:3)
  A gnoll (D:3)
  An adder (D:2)
  2 worms
  A dart slug (D:1)
  5 orcs (D:3)
  4 bats
  6 endoplasms
  2 giant cockroaches (D:2)
  7 hobgoblins
  3 jackals (D:1)
  3 quokkas
  A ball python (D:1)
  7 frilled lizards
  3 goblins
  6 kobolds
  2 rats
55 creatures vanquished.

Notes
Turn   | Place    | Note
-------+----------+-------------------------------------------
     0 | D:1      | MacCMillion the Naga Venom Mage began the quest for the
                  | Orb.
     0 | D:1      | Reached XP level 1. HP: 15/15 MP: 3/3
   451 | D:1      | Reached XP level 2. HP: 22/22 MP: 1/5
   939 | D:1      | Reached skill level 5 in Poison Magic
  1399 | D:1      | Found Sivvy's Distillery.
  1403 | D:1      | Bought a potion of might for 40 gold pieces
  2125 | D:2      | Reached XP level 3. HP: 22/28 MP: 1/6
  2234 | D:2      | Identified the +1 leather armour of Amelioration {Will+
                  | Str+3 Slay+3 Stlth-}
  2661 | D:2      | Found a faded altar of an unknown god.
  2894 | D:3      | Learned a level 2 spell: Poisonous Vapours
  2898 | D:3      | Learned a level 3 spell: Mephitic Cloud
  3020 | D:3      | Reached skill level 6 in Poison Magic
  3070 | D:3      | Reached XP level 4. HP: 36/36 MP: 4/7
  3292 | D:3      | Reached skill level 1 in Air Magic
  3693 | D:3      | Found a runed translucent door.
  3694 | D:3      | Noticed Crazy Yiuf
  3889 | D:3      | Slain by a gnoll

Illustrated notes

Levels and vault maps discovered:
D:1:      dpeg_arrival_ternary, layout_loops_ring, serial_shops, shop_fountains,
          serial_co_window_serial, co_window_paths_b, co_window_paths_a,
          co_window_cross_1, co_window_paths_b, co_window_paths_a,
          co_window_2corner, co_window_broadway_a, co_window_of_opportunity_b,
          co_window_broadway_b, co_window_2corner, co_window_broadway_a,
          glass_columns_a, glass_columns_a, glass_columns_c, glass_columns_c,
          chequers_serial_rivers_micro_a
D:2:      kennysheep_big_flooded_room, layout_rooms,
          chequers_ecumenical_altar_island
D:3:      layout_loops_ring, uniq_crazy_yiuf_cottage

Skill      XL: |  1  2  3  4 |
---------------+-------------+-----
Poison Magic   | 5 6 |  6.0
Air Magic      | 2 |  2.5
Dodging        | |  1.6
Stealth        | |  3.1
Spellcasting   | |  2.0
Transmutations | |  1.1

Action                   |  1- 3 |  4- 6 || total
-------------------------+-------+-------++-------
Melee: Dagger            |    34 |    24 ||    58
       Punch             |       |     1 ||     1
 Cast: Sting             |    66 |    32 ||    98
  Use: Scroll            |       |     2 ||     2
Armor: Robe              |     5 |       ||     5
       Leather armour    |     3 |     9 ||    12
Dodge: Dodged            |    25 |    22 ||    47
